[Event "*** Titled Tuesday Blitz"]
[Site "Chess.com"]
[Date "2021.04.06"]
[Round "7"]
[White "NishaOnYoutube"]
[Black "PowerThinking2650"]
[Result "1-0"]
[WhiteElo "2272"]
[BlackElo "2378"]
[TimeControl "180+1"]
[EndTime "11:18:39 PDT"]
[Termination "NishaOnYoutube won by checkmate"]

1. e4 e5 2. Nf3 Nc6 3. Nc3 Nf6 4. Bb5 Bb4 5. O-O O-O 6. d3 d6 7. Ne2 Ne7 8. c3 Ba5 9. Ng3 Ng6 10. h3 c6 11. Ba4 d5 12. Re1 Bc7 13. Bb3 Re8 14. Bg5 Be6 15. Nh5 dxe4 16. Bxf6 gxf6 17. dxe4 Qe7 18.
Nh2 f5 19. Qf3 f4 20. Bxe6 fxe6 21. Ng4 Kh8 22. Nh6 Rf8 23. Qg4 Bb6 24. Rf1 Rad8 25. Rad1 Qh4 26. Qxh4 Nxh4 27. Rxd8 Bxd8 28. Ng4 f3 29. g3 Ng6 30. Rd1 Bb6 31. Rd7 Rd8 32. Rxb7 Rd1+ 33. Kh2 h6 34. Nhf6 Bxf2 35. Rh7# 1-0

[Event "*** Titled Tuesday Blitz"]
[Site "Chess.com"]
[Date "2021.04.06"]
[Round "7"]
[White "Ranindu2003"]
[Black "hansen"]
[Result "0-1"]
[WhiteElo "2588"]
[BlackElo "2828"]
[TimeControl "180+1"]
[EndTime "11:18:40 PDT"]
[Termination "hansen won on time"]

1. e4 c5 2. Nf3 e6 3. d4 cxd4 4.
Nxd4 a6 5. c4 Nf6 6. Nc3 Qc7 7.
a3 Nc6 8. Be3 d6 9. f3 Be7 10.
g4 O-O 11. Rc1 Ne5 12. g5 Nfd7 13. f4 Nc6 14. Kd2 Nxd4 15. Bxd4 e5 16. Be3 exf4 17. Bxf4 Ne5 18. Nd5 Qd8 19. h4 Be6 20. Kc2 b5 21. c5 Rc8 22. Kb1 Bxd5 23. Qxd5 Ng6 24. Bxd6 Bxd6 25.
cxd6 Rxc1+ 26. Kxc1 Qb6 27. Kb1 Rd8 28. d7 Qc7 29.
Bh3 Nf4 30. Qd2 Nxh3 31. Rxh3 Rxd7 32. Rd3 Rxd3 33. Qxd3 h6 34. gxh6 gxh6 35. Qd4 Qe7 36. e5 Qe6 37. Qf4 Kg7 38. Qg3+ Qg6+ 39. Qxg6+ Kxg6 0-1

[Event "*** Titled Tuesday Blitz"]
[Site "Chess.com"]
[Date "2021.04.06"]
[Round "7"]
[White "if_name_main_a"]
[Black "yobdc"]
[Result "0-1"]
[WhiteElo "2335"]
[BlackElo "2511"]
[TimeControl "180+1"]
[EndTime "11:18:40 PDT"]
[Termination "yobdc won by checkmate"]

1. c4 c6 2. Nc3 d5 3. d4 Nf6 4. e3 e6 5. Nf3 Nbd7 6. Bd3 dxc4 7. Bxc4 b5 8. Bd3 Bd6 9. O-O O-O 10. Qc2 Bb7 11. Rd1 Qe7 12. Ne4 Nxe4 13. Bxe4 f5 14. Bd3 c5 15. dxc5 Bxf3 16. gxf3 Nxc5 17. Bxb5 Rf6 18. f4 Rh6 19. Bc6 Rd8 20. Bg2 Qh4 21. h3 Rg6 22. Kh2 Ne4 23. Rf1 Nf6 24. b3 e5 25. Qc4+ Kh8 26. Kh1 exf4 27. exf4 Ne4 28.
Be3 Bxf4 29. Rad1 Rg8 30. Bxf4 Qxf4 31. Rd4 Nxf2+ 32. Kg1 Nxh3+ 33. Kh1 Nf2+ 34. Kg1 Nh3+ 35. Kh1 Qg3 36. Qe2 Rh6 37. Rd3 Nf2+ 38. Kg1 Rh1# 0-1

[Event "*** Titled Tuesday Blitz"]
[Site "Chess.com"]
[Date "2021.04.06"]
[Round "7"]
[White "gumimis"]
[Black "suneebaker"]
[Result "1-0"]
[WhiteElo "2326"]
[BlackElo "2127"]
[TimeControl "180+1"]
[EndTime "11:18:41 PDT"]
[Termination "gumimis won by resignation"]

1. h4 e5 2. d3 d5 3. Nf3 Nc6 4. g3 Nf6 5. Bg2 Bc5 6. c3 Bg4 7. Nbd2 e4 8. dxe4 dxe4 9. Nh2 Bf5 10. e3 Ne5 11. O-O O-O 12. b4 Bb6 13. c4 c6 14.
Bb2 Nd3 15. Bxf6 Qxf6 16. Nxe4 Bxe4 17. Bxe4 Nxb4 18. a3 Na6 19. Ng4 Qe6 20. Bc2 Qxc4 21. Ne5 Qe6 22. Nf3 Rad8 23. Qe2 Nc7 24. Bxh7+ Kh8 25.
Bb1 Nd5 26. Qc2 g6 27. Ng5 Qf6 28. Ba2 Nc3 29. Bc4 Ba5 30. Rac1 b5 31. Bb3 Kg7 32. Ne4 Nxe4 33. Qxe4 Rd6 34. Rc5 Bb6 35. Rg5 Rfd8 36. Qg4 c5 37. h5 c4 38. Bc2 Rd2 39. Bxg6 Kf8 40. Rf5 1-0

[Event "*** Titled Tuesday Blitz"]
[Site "Chess.com"]
[Date "2021.04.06"]
[Round "7"]
[White "GMRafpig"]
[Black "Rozhkov_V"]
[Result "1-0"]
[WhiteElo "2604"]
[BlackElo "2433"]
[TimeControl "180+1"]
[EndTime "11:18:42 PDT"]
[Termination "GMRafpig won by checkmate"]

1. c4 e5 2. Nc3 Nf6 3. Nf3 Nc6 4.
e4 Bb4 5. d3 O-O 6. a3 Be7 7.
Be2 d6 8. h3 Ne8 9. d4 exd4 10.
Nxd4 Nxd4 11. Qxd4 Bf6 12. Qd3 g6 13. Bh6 Bg7 14.
Bxg7 Nxg7 15. O-O f5 16. f4 fxe4 17. Nxe4 Bf5 18. Bf3 Ne6 19. Qd2 Qh4 20. Nc3 c6 21.
Ne2 Rad8 22. g4 Qxh3 23. gxf5 Rxf5 24. Bg2 Qg4 25. Qe3 Re8 26. Rf2 g5 27. fxg5 Rxf2 28. Qxf2 Nxg5 29. Qg3 Qxg3 30. Nxg3 Re3 31. Nf5 Re2 32.
b4 Rd2 33. Re1 Kf7 34. c5 dxc5 35. bxc5 Kf6 36. Nd6 Rb2 37. Re3 h5 38. Ne8+ Kf5 39. Rc3 h4 40. Nd6+ Kf4 41. Rc4+ Kg3 42. Nf5# 1-0

[Event "*** Titled Tuesday Blitz"]
[Site "Chess.com"]
[Date "2021.04.06"]
[Round "7"]
[White "ENajer77"]
[Black "superchess02"]
[Result "0-1"]
[WhiteElo "2662"]
[BlackElo "2826"]
[TimeControl "180+1"]
[EndTime "11:18:44 PDT"]
[Termination "superchess02 won on time"]

1. d4 Nf6 2. c4 g6 3. Nc3 Bg7 4.
e4 d6 5. Be2 O-O 6. Be3 e5 7. d5 a5 8. g4 Na6 9. g5 Nd7 10. h4 f5 11. gxf6 Nxf6 12. h5 Nc5 13.
hxg6 hxg6 14. Bxc5 dxc5 15. Nf3 Nh5 16. Rg1 Nf4 17. Qc2 Qf6 18. Rg3 Bh6 19. Nd1 Nxe2 20.
Qxe2 Bf4 21. Rg1 Kg7 22. Nc3 Bd7 23. Kd1 Bh6 24. Rg3 Bf4 25. Rg1 Rh8 26. Kc2 Rh3 27.
Rg2 Rah8 28. Rag1 Kf7 29. Ng5+ Bxg5 30. Rxg5 R8h6 31. Nd1 Qf4 32. R5g2 Ba4+ 33. b3 Bd7 34. Kb2 a4 35. Ne3 Qxe4 36. Rg5 Bf5 37. Qd2 a3+ 38. Kxa3 Bd7 39. Kb2 Rh2 40. R5g2 Rh1 41. Rxh1 Rxh1 42. Rg3 b5 43. Rg5 Rb1+ 44. Ka3 b4+ 0-1

[Event "*** Titled Tuesday Blitz"]
[Site "Chess.com"]
[Date "2021.04.06"]
[Round "7"]
[White "Susal_De_Silva"]
[Black "IMAghasiyevKamal"]
[Result "0-1"]
[WhiteElo "2662"]
[BlackElo "2526"]
[TimeControl "180+1"]
[EndTime "11:18:44 PDT"]
[Termination "IMAghasiyevKamal won by resignation"]

1. e4 e5 2. Nf3 Nc6 3. Bc4 Bc5 4. d3 Nf6 5. O-O d6 6. c3 a5 7. Bb3 O-O 8. h3 h6 9. Re1 Re8 10.
Nbd2 Be6 11. Nf1 d5 12. exd5 Bxd5 13. Bc2 Bf8 14. Ng3 g6 15. b3 Bg7 16. Bb2 Nd7 17. Rb1 f5 18. d4 exd4 19. Rxe8+ Qxe8 20. c4 Bxf3 21. Qxf3 Nde5 22. Qd5+ Kh7 23. f4 Nb4 24. Qxb7 Nxc2 25. fxe5 c5 26. Rc1 Ne3 27. Nf1 Rb8 28.
Qa7 Qxe5 29. Nxe3 Qxe3+ 30. Kh1 Re8 31. Qxa5 Be5 32. Qe1 Bg3 33. Qf1 Qd2 34. Ba3 Qa5 35.
Bb2 Qxa2 36. Rb1 Qxb3 37. Bxd4 Qxb1 38. Qxb1 cxd4 39. Qb7+ Kh8 0-1

[Event "*** Titled Tuesday Blitz"]
[Site "Chess.com"]
[Date "2021.04.06"]
[Round "7"]
[White "Keures"]
[Black "Make_it_shine060"]
[Result "1-0"]
[WhiteElo "2358"]
[BlackElo "2205"]
[TimeControl "180+1"]
[EndTime "11:18:44 PDT"]
[Termination "Keures won by checkmate"]

1. d4 Nf6 2. c4 g6 3. Nc3 d5 4. cxd5 Nxd5 5. e4 Nxc3 6. bxc3 Bg7 7. Nf3 c5 8. Rb1 Nc6 9. d5 Ne5 10. Bb2 O-O 11. Be2 Qa5 12. Qb3 c4 13. Bxc4 Nxf3+ 14.
gxf3 Bh3 15. Bf1 Bd7 16. Qb4 Qc7 17. c4 Bxb2 18. Rxb2 Qf4 19. Bg2 a5 20. Qd2 Qf6 21.
O-O Qh4 22. Rxb7 Bh3 23. Bxh3 Qxh3 24. Qf4 Ra6 25. Qg3 Qc8 26. Rfb1 Qxc4 27. Rb8 Ra8 28.
Rxf8+ Rxf8 29. a3 Qa2 30. Rb7 Qxa3 31. Kg2 a4 32. Qc7 Qd3 33. Qxe7 a3 34. Ra7 Qb3 35. Qxa3 Qd1 36. Qe7 Rb8 37. Qxf7+ Kh8 38. Qxh7# 1-0

[Event "*** Titled Tuesday Blitz"]
[Site "Chess.com"]
[Date "2021.04.06"]
[Round "7"]
[White "lacafi"]
[Black "Eloist"]
[Result "0-1"]
[WhiteElo "2207"]
[BlackElo "2356"]
[TimeControl "180+1"]
[EndTime "11:18:44 PDT"]
[Termination "Eloist won on time"]

1. d4 e6 2. Nf3 Nf6 3. e3 b6 4.
Bd3 Bb7 5. Nbd2 c5 6. Qe2 g6 7. O-O Bg7 8. c3 d5 9. dxc5 bxc5 10. e4 O-O 11. e5 Nfd7 12. Re1 Nc6 13. Nf1 Ndxe5 14.
Nxe5 Nxe5 15. Bc2 Qb6 16. h4 Ba6 17. Qe3 d4 18. Qh3 d3 19. Bd1 Rfd8 20. Nd2 Nc4 21. Rb1 Nxd2 22. Bxd2 c4 23. h5 Bb7 24. hxg6 hxg6 25.
Re3 a5 26. Bg4 f5 27. Bd1 e5 28. Rg3 Kf7 29. Qh4 Rh8 30. Qxc4+ Qe6 31. Qc7+ Qe7 32. Bb3+ Kf8 33. Qxe7+ Kxe7 34. Rxg6 Bf6 35. Bc4 Rac8 36. Bxd3 Rcd8 37. Bxf5 Rxd2 38. c4 Rhd8 39. a3 Rd1+ 40. Rxd1 Rxd1+ 41. Kh2 a4 42. Rh6 Bc6 43. Rh7+ Kd6 44.
Rf7 Bg5 0-1

[Event "*** Titled Tuesday Blitz"]
[Site "Chess.com"]
[Date "2021.04.06"]
[Round "7"]
[White "anon6121824"]
[Black "exoticprincess"]
[Result "0-1"]
[WhiteElo "2783"]
[BlackElo "2935"]
[TimeControl "180+1"]
[EndTime "11:18:47 PDT"]
[Termination "exoticprincess won by resignation"]

1. e4 e5 2. Nf3 Nf6 3. Nxe5 d6 4. Nf3 Nxe4 5. c3 d5 6. d3 Nf6 7. d4 h6 8. Bd3 Bd6 9. O-O O-O 10. h3 Re8 11. Re1 b6 12. Nbd2 c5 13. Ne5 Nbd7 14.
Ndf3 Qc7 15. Bf4 Bb7 16. Qe2 Nf8 17. Rad1 Ne6 18. Bh2 Ne4 19. dxc5 N6xc5 20. Bb1 f6 21. Ng4 Bxh2+ 22. Ngxh2 Nxc3 23. Qc2 Nxb1 24. Qxb1 Rxe1+ 25. Rxe1 Ne4 26. Ng4 Rc8 27. Ne3 Qc5 28. Qd3 Rd8 29.
Rd1 Qb4 30. Qc2 Rc8 31. Qe2 Rd8 32. Nd4 Kh8 33. a3 Qa4 34. Qg4 Qd7 35. Nef5 Bc8 36. Qf4 Qf7 37. Qe3 Bxf5 38. Nxf5 Re8 39. Qd4 Nc5 40. Ne3 Rd8 41. Nxd5 Ne6 42. Qe4 Nc7 43. Nc3 Rxd1+ 44. Nxd1 Ne6 45. Ne3 Nc5 46. Qa8+ Kh7 47. Qc6 Qb3 48. Nf5 Qxb2 49. f4 Qb1+ 0-1

[Event "*** Titled Tuesday Blitz"]
[Site "Chess.com"]
[Date "2021.04.06"]
[Round "7"]
[White "Forantes"]
[Black "Nachsueb"]
[Result "1-0"]
[WhiteElo "2356"]
[BlackElo "2196"]
[TimeControl "180+1"]
[EndTime "11:18:47 PDT"]
[Termination "Forantes won by resignation"]

1. Nf3 g6 2. d4 Bg7 3. b3 c5 4.
Bb2 Nc6 5. e3 d6 6. c4 e6 7. Qd2 cxd4 8. Nxd4 Nxd4 9. Bxd4 Bxd4 10. Qxd4 Qf6 11. Nc3 Qxd4 12. exd4 Ne7 13. Nb5 Kd7 14.
g3 a6 15. Nc3 Nc6 16. O-O-O b6 17. d5 Nd8 18. dxe6+ fxe6 19. Bg2 Rb8 20. Ne4 Nf7 21. Rhe1 Bb7 22. Nf6+ Ke7 23. Nd5+ Bxd5 24. Rxd5 b5 25. cxb5 Rhc8+ 26. Kb2 axb5 27. f4 Rc5 28. Rxc5 dxc5 29. Kc3 Nd6 30. a4 b4+ 31. Kd3 Nf5 32. Kc4 Rc8 33. a5 Nd6+ 34. Kd3 c4+ 35. bxc4 Nxc4 36. a6 Nb6 37. a7 Kd6 38. Rb1 Nd5 39.
Bxd5 exd5 40. Rxb4 Ra8 41. Rb7 Kc6 42. Rxh7 Kc5 43.
Rc7+ Kb6 44. Rg7 Kc5 45. g4 d4 46. f5 gxf5 47. gxf5 Rf8 48. f6 Kb6 49. h4 Rh8 50. h5 Kc5 51. h6 Kd5 52. h7 Rf8 53. Rg8 1-0

[Event "*** Titled Tuesday Blitz"]
[Site "Chess.com"]
[Date "2021.04.06"]
[Round "7"]
[White "AungTZ"]
[Black "TosicSrecko"]
[Result "0-1"]
[WhiteElo "2083"]
[BlackElo "2318"]
[TimeControl "180+1"]
[EndTime "11:18:49 PDT"]
[Termination "TosicSrecko won by checkmate"]

1. e4 e6 2. d4 d5 3. Nc3 Bb4 4. exd5 exd5 5. Bd3 Nc6 6. Ne2 Nge7 7. O-O Bf5 8. a3 Bxc3 9. bxc3 O-O 10. a4 Re8 11. Ng3 Bxd3 12. Qxd3 Qd7 13. h3 Na5 14. Bf4 Nc4 15. a5 a6 16. Rfb1 b5 17. axb6 cxb6 18.
Nf1 Nc6 19. Ne3 Nxe3 20. fxe3 b5 21. Rf1 f6 22. Bg3 Qe6 23. Rf3 Ne7 24. Bf2 Nc8 25. Qf5 Nd6 26. Qxe6+ Rxe6 27. Kf1 Kf7 28. Ke2 g6 29.
Kd3 Ne4 30. Be1 Rc6 31. Ra3 Rac8 32. g4 Rc4 33. h4 Ra4 34. Rxa4 bxa4 35. Bd2 Rb8 36.
Rf1 Rb2 37. Ra1 Nf2+ 38. Ke2 Nxg4 39. Rxa4 Rxc2 40. Kd3 Rb2 41. Rxa6 Nf2+ 42. Ke2 Ne4 43. Ra7+ Ke6 44. Rxh7 Rxd2+ 45. Ke1 Kf5 46. h5 gxh5 47.
Rxh5+ Kg4 48. Rxd5 Kf3 49. Rf5+ Kxe3 50. d5 Rc2 51. d6 Rc1# 0-1

[Event "*** Titled Tuesday Blitz"]
[Site "Chess.com"]
[Date "2021.04.06"]
[Round "7"]
[White "Nuvas"]
[Black "NTBT_DHS"]
[Result "1-0"]
[WhiteElo "2590"]
[BlackElo "2714"]
[TimeControl "180+1"]
[EndTime "11:18:50 PDT"]
[Termination "Nuvas won by checkmate"]

1. d4 Nf6 2. c4 g6 3. Nc3 Bg7 4.
e4 O-O 5. h3 d6 6. Be3 e5 7. d5 Na6 8. g4 Nc5 9. f3 h5 10. Qd2 a5 11. O-O-O Bd7 12. Nge2 a4 13. Kb1 h4 14. Bg5 c6 15. Bxh4 cxd5 16. Nxd5 Bc6 17. Nec3 Nfxe4 18. Nxe4 Qxh4 19. Nxc5 dxc5 20. Bd3 b5 21.
Be4 Rad8 22. g5 Bxd5 23. cxd5 c4 24. d6 b4 25. Qxb4 Qxg5 26. Qxc4 a3 27. b3 Kh7 28. h4 Qh5 29. d7 f5 30. Bc6 Qh6 31. Qc5 Qf4 32. Qxa3 e4 33. Qe7 Qxf3 34. h5 gxh5 35. Rhg1 Rg8 36. Bd5 Qc3 37. Bxg8+ Rxg8 38. Rxg7+ Rxg7 39. Qxg7+ Qxg7 40. d8=Q Qe5 41. Rd7+ Kg6 42. Qg8+ Kf6 43.
Qg7+ Ke6 44. Qf7# 1-0

[Event "*** Titled Tuesday Blitz"]
[Site "Chess.com"]
[Date "2021.04.06"]
[Round "7"]
[White "tandaleo"]
[Black "kleopl"]
[Result "1-0"]
[WhiteElo "2413"]
[BlackElo "2541"]
[TimeControl "180+1"]
[EndTime "11:18:51 PDT"]
[Termination "tandaleo won by checkmate"]

1. Nf3 d6 2. g3 f5 3. d3 Nf6 4.
Bg2 g6 5. O-O Bg7 6. e4 fxe4 7.
dxe4 Nxe4 8. Re1 Nf6 9. Bg5 O-O 10. Nc3 c6 11. Qd2 Bg4 12. Nd4 e5 13. Nb3 Qc7 14. f4 Nfd7 15. h3 Be6 16. Be7 Rf7 17. Bxd6 Qb6+ 18.
Kh2 Bxb3 19. axb3 exf4 20. Re8+ Nf8 21. Rxb8 fxg3+ 22. Bxg3 Rxb8 23. Bxb8 Rf2 24. Qd3 a6 25. Rf1 Ne6 26. Rxf2 Qxf2 27. Bg3 Qf7 28. Ne4 h5 29. h4 Bxb2 30. Nd6 Qf6 31. Bh3 Nf4 32. Qc4+ Nd5 33. Ne4 Qe7 34. Ng5 Be5 35. Qe4 Bxg3+ 36. Kxg3 Qd6+ 37. Kf2 Qh2+ 38. Ke1 Qg3+ 39. Kd2 Qxh4 40. Qxh4 Nf6 41. Qf4 Nd5 42. Qf7+ Kh8 43. Qh7# 1-0

[Event "*** Titled Tuesday Blitz"]
[Site "Chess.com"]
[Date "2021.04.06"]
[Round "7"]
[White "ChessAurochs"]
[Black "goofypenguin96"]
[Result "1-0"]
[WhiteElo "2524"]
[BlackElo "2376"]
[TimeControl "180+1"]
[EndTime "11:18:51 PDT"]
[Termination "ChessAurochs won on time"]

1. e4 c5 2. Nf3 d6 3. d4 cxd4 4. Nxd4 Nf6 5. Nc3 e6 6. Be3 a6 7. f3 Be7 8. Qd2 Bd7 9. g4 Nc6 10. O-O-O b5 11. h4 Qa5 12. Kb1 Nxd4 13. Bxd4 e5 14. Be3 Be6 15. g5 b4 16. Nd5 Nxd5 17. exd5 Bf5 18. Bd3 Bxd3 19. Qxd3 Rb8 20. f4 Qb5 21.
fxe5 Qxd3 22. Rxd3 dxe5 23. d6 Bd8 24. d7+ Ke7 25.
Bc5+ Ke6 26. Rd6+ Kf5 27. Rf1+ Kg4 28. Rd2 f5 29. gxf6 Bxf6 30. Rg2+ Kh3 31. Rgg1 Rhd8 32.
Rf3+ Kh2 33. Rgg3 Rxd7 34. Rh3+ Kg2 35. Rfg3+ Kf1 36. Rg1+ Ke2 37. Rg2+ Kf1 38. Rf2+ Kg1 39. Rfh2+ Kf1 40. Rf3+ 1-0

[Event "*** Titled Tuesday Blitz"]
[Site "Chess.com"]
[Date "2021.04.06"]
[Round "7"]
[White "chessdiamant"]
[Black "frenchpin"]
[Result "1-0"]
[WhiteElo "2391"]
[BlackElo "2500"]
[TimeControl "180+1"]
[EndTime "11:18:51 PDT"]
[Termination "chessdiamant won by checkmate"]

1. e4 e6 2. d4 d5 3. Nc3 Bb4 4. Ne2 Nf6 5. e5 Nfd7 6. a3 Be7 7. Be3 c5 8. f4 Nc6 9. dxc5 Nxc5 10. Nd4 Bd7 11. Bd3 Rc8 12. O-O Nxd3 13. Qxd3 O-O 14.
Kh1 a6 15. Nxc6 Bxc6 16. Bd4 Bd7 17. g4 f6 18. Rae1 fxe5 19. Bxe5 Rc4 20. b3 Rc8 21. a4 Bb4 22. Re3 Bc6 23. Bd4 Qd6 24. Rh3 g6 25.
Ne2 b5 26. Qg3 Qe7 27. c3 Bd6 28. Re1 bxa4 29. bxa4 Bxa4 30. g5 Bb5 31. Rh6 Bxe2 32. Rxe2 Rxf4 33. Qh3 Re8 34. Rxg6+ Kf8 35. Rf6+ Rxf6 36.
gxf6 Qf7 37. Qh6+ Kg8 38. Rg2+ Kh8 39. Rg7 Rf8 40. Qxh7# 1-0

[Event "*** Titled Tuesday Blitz"]
[Site "Chess.com"]
[Date "2021.04.06"]
[Round "7"]
[White "Gusarov91"]
[Black "Slovak_fighter2000"]
[Result "1-0"]
[WhiteElo "2631"]
[BlackElo "2486"]
[TimeControl "180+1"]
[EndTime "11:18:52 PDT"]
[Termination "Gusarov91 won on time"]

1. d4 e6 2. Nf3 Nf6 3. c4 b6 4.
g3 Bb7 5. Bg2 Be7 6. O-O O-O 7.
Re1 d5 8. cxd5 Bxd5 9. Nc3 Bb7 10. e4 Nbd7 11. Bf4 Re8 12. Rc1 a6 13. a3 c5 14. d5 exd5 15. exd5 Bf8 16. Qd2 Rxe1+ 17. Rxe1 b5 18. Ne5 Nb6 19. Nc6 Qd7 20. Ne5 Qd8 21. Nc6 Qd7 22. Rd1 Nc4 23. Qc1 Bd6 24. Bxd6 Nxd6 25.
Na5 Re8 26. Nxb7 Qxb7 27. Qf4 Qe7 28. h3 Qe5 29. Qc1 h6 30. Na2 c4 31. Nb4 Ra8 32.
Nc6 Qg5 33. Qc3 Nfe4 34. Qd4 f5 35. h4 Qf6 36. Bxe4 Nxe4 37. d6 Nxd6 38. Qxd6 Qxb2 39. Ne7+ Kh8 40. Nxf5 c3 41. Qe5 Rg8 42. Rd8 Qc1+ 43.
Kh2 1-0

[Event "*** Titled Tuesday Blitz"]
[Site "Chess.com"]
[Date "2021.04.06"]
[Round "7"]
[White "SergeyShtyka"]
[Black "bilelou"]
[Result "0-1"]
[WhiteElo "2406"]
[BlackElo "2584"]
[TimeControl "180+1"]
[EndTime "11:18:52 PDT"]
[Termination "bilelou won by checkmate"]

1. e4 c5 2. Nf3 e6 3. d4 cxd4 4. Nxd4 Nf6 5. Nc3 d6 6. Bd3 Be7 7. O-O O-O 8. Be3 Nc6 9. f4 a6 10. Qf3 Qc7 11. Rae1 Bd7 12. Kh1 b5 13. a3 Nxd4 14.
Bxd4 Bc6 15. Qh3 e5 16. Be3 Qb7 17. fxe5 dxe5 18. Bg5 Ne8 19. Bxe7 Qxe7 20. Nd5 Bxd5 21. exd5 g6 22. c4 bxc4 23. Bxc4 Nd6 24. Ba2 a5 25.
Qe3 e4 26. Qd4 f5 27. Rc1 e3 28. Rce1 Rae8 29. Rf3 e2 30. Rf2 Rf7 31. Bb1 Qg5 32.
h3 Rfe7 33. b4 axb4 34. axb4 Qg3 35. Kg1 Re3 36. Qd2 Nc4 37. Qd4 Ne5 38. Rexe2 Rxe2 39. Rxe2 Nf3+ 40. Kf1 Nh2+ 41. Kg1 Rxe2 42. d6 Re1# 0-1

[Event "*** Titled Tuesday Blitz"]
[Site "Chess.com"]
[Date "2021.04.06"]
[Round "7"]
[White "JiiHart"]
[Black "Michaelson_11"]
[Result "0-1"]
[WhiteElo "2036"]
[BlackElo "2196"]
[TimeControl "180+1"]
[EndTime "11:18:52 PDT"]
[Termination "Michaelson_11 won on time"]

1. e4 c5 2. Nf3 Nc6 3. d4 cxd4 4. Nxd4 g6 5. c4 Nf6 6. Nc3 d6 7. Be2 Nxd4 8. Qxd4 Bg7 9. Be3 O-O 10. Qd2 a5 11.
O-O a4 12. Bd4 Qa5 13. Bd3 Be6 14. Rac1 Rfc8 15. b3 axb3 16. axb3 Qb4 17. Rfd1 Nd7 18. Bxg7 Kxg7 19. Nd5 Qxd2 20. Rxd2 Bxd5 21. exd5 b5 22.
Rdc2 Nc5 23. cxb5 Rcb8 24. Bc4 Ra3 25. f3 Nxb3 26. Rc3 Nxc1 27. Rxa3 Rc8 28. Bd3 Nxd3 29.
Rxd3 Rc1+ 30. Kf2 Rb1 31. Re3 Kf6 32. h4 h5 33. Rd3 Rxb5 34. g4 Rb4 35. Kg3 Rb5 36.
g5+ Kg7 37. Re3 Kf8 38. Rd3 Ke8 39. f4 Kd7 40. Kf3 Rb1 41. Kg3 Rg1+ 42. Kf3 Rh1 43. Ra3 Rh3+ 0-1

[Event "*** Titled Tuesday Blitz"]
[Site "Chess.com"]
[Date "2021.04.06"]
[Round "7"]
[White "Fighter008"]
[Black "GMSrinath"]
[Result "0-1"]
[WhiteElo "2616"]
[BlackElo "2819"]
[TimeControl "180+1"]
[EndTime "11:18:53 PDT"]
[Termination "GMSrinath won by resignation"]

1. e4 c5 2. Nf3 Nc6 3. Bb5 g6 4. O-O Bg7 5. c3 Nf6 6. d4 Nxe4 7. d5 Nb8 8. Re1 Nd6 9. Na3 O-O 10. Bg5 f6 11. Bf4 Nxb5 12. Nxb5 d6 13. Qe2 a6 14. Na3 Rf7 15. b4 b6 16. h3 g5 17. Bg3 Bf5 18. Nd2 Nd7 19. Nac4 Bg6 20. f4 f5 21. Rac1 h6 22.
Nf3 Nf6 23. fxg5 Ne4 24. Bf4 Nxc3 25. Qe6 Kh7 26. Nh4 Bd4+ 27. Kh1 Qg8 28. bxc5 bxc5 29. gxh6 Re8 30. Rxc3 Bxc3 31. Re3 Bf6 32. Nxg6 Qxg6 33. Rg3 Qh5 34. Ne3 Bh4 35. Rg7+ Rxg7 36. hxg7 Bf6 37. Nxf5 Bxg7 38. g4 Qxh3+ 39. Bh2 Qf3+ 40. Kg1 Qxg4+ 41. Kh1 Qf3+ 42. Kg1 Rf8 43. Ng3 Bd4+ 0-1

[Event "*** Titled Tuesday Blitz"]
[Site "Chess.com"]
[Date "2021.04.06"]
[Round "7"]
[White "NikolaGry"]
[Black "eldur16"]
[Result "0-1"]
[WhiteElo "2696"]
[BlackElo "2583"]
[TimeControl "180+1"]
[EndTime "11:18:53 PDT"]
[Termination "eldur16 won by resignation"]

1. d4 Nf6 2. Nf3 g6 3. Bf4 Bg7 4. e3 O-O 5. c3 d6 6. h3 c5 7. Be2 b6 8. O-O Bb7 9. a4 a6 10. Nbd2 Nbd7 11. Bh2 Qc7 12. Re1 Bc6 13. c4 cxd4 14.
Nxd4 Bb7 15. a5 bxa5 16. N2b3 Rab8 17. Nxa5 Ba8 18. Ra2 Nc5 19. Bf3 Rb6 20. Bxa8 Rxa8 21. Qe2 Rab8 22. b4 Nce4 23. c5 Rxb4 24. cxd6 exd6 25.
Nac6 Nc3 26. Qxa6 Nxa2 27. Nxb8 Rb2 28. Nbc6 Ne4 29. Nb5 Qd7 30. Rf1 h5 31. Nbd4 Nac3 32. Qa3 Ra2 33. Qb3 Ne2+ 34. Nxe2 Rxe2 35. Qb8+ Kh7 36. Nd4 Bxd4 37. exd4 Qf5 38. Qe8 Rxf2 39. Re1 Ng5 40. Bxd6 Nxh3+ 41. gxh3 Qf3 42. Qe4 Rg2+ 43. Kh1 Qxh3+ 0-1

[Event "*** Titled Tuesday Blitz"]
[Site "Chess.com"]
[Date "2021.04.06"]
[Round "7"]
[White "KacperPolOK"]
[Black "KafkaesqueKnight"]
[Result "1-0"]
[WhiteElo "2411"]
[BlackElo "2256"]
[TimeControl "180+1"]
[EndTime "11:18:53 PDT"]
[Termination "KacperPolOK won on time"]

1. f4 d5 2. Nf3 c5 3. e3 Nf6 4. d4 g6 5. c3 Bg7 6. Bd3 O-O 7. O-O Nc6 8. Nbd2 b6 9. b3 Bf5 10.
Bxf5 gxf5 11. Bb2 cxd4 12. cxd4 Ne4 13. Nxe4 dxe4 14. Ne5 Nxe5 15. dxe5 Qxd1 16. Rfxd1 Rfd8 17. Kf2 Rac8 18. Rac1 Bf8 19. Rxd8 Rxd8 20. Bd4 Rd7 21.
Rc8 e6 22. g4 fxg4 23. Kg3 h5 24. Kh4 Kg7 25. Kxh5 Bc5 26. f5 Bxd4 27. f6+ Kh7 28. exd4 e3 29. Rc3 Rxd4 30. Rxe3 Rf4 31. Kg5 Rd4 32.
a4 a6 33. h3 gxh3 34. Rxh3+ Kg8 35. Rc3 Re4 36. Rc6 Rxe5+ 37. Kh6 Rc5 38. Rxb6 Rc8 39.
Rxa6 e5 40. Ra7 Kf8 41. Re7 Re8 42. Rxe8+ Kxe8 43. Kg5 Kd7 44. Kf5 Kd6 45. a5 Kc5 46.
Kxe5 1-0

[Event "*** Titled Tuesday Blitz"]
[Site "Chess.com"]
[Date "2021.04.06"]
[Round "7"]
[White "QuintilianoR"]
[Black "mac0504"]
[Result "1-0"]
[WhiteElo "2698"]
[BlackElo "2525"]
[TimeControl "180+1"]
[EndTime "11:18:54 PDT"]
[Termination "QuintilianoR won on time"]

1. d4 Nf6 2. c4 e6 3. Nf3 Bb4+ 4.
Nbd2 d6 5. g3 O-O 6. Bg2 Re8 7.
O-O e5 8. a3 Bxd2 9. Bxd2 Bg4 10. h3 Bh5 11. dxe5 dxe5 12. Bg5 Qe7 13. Nh4 Nc6 14.
g4 Bg6 15. Nxg6 hxg6 16. e3 Qe6 17. Qc2 Nd7 18. Bd5 Qd6 19. Rfd1 Qc5 20. Bxf7+ Kxf7 21. Rxd7+ Ne7 22. b4 Qc6 23. Rad1 b5 24. c5 a5 25. Qb3+ Kf8 26. Qd3 axb4 27. axb4 Qf3 28. Bxe7+ Rxe7 29. Rxe7 Kxe7 30. Qd7+ Kf8 31. Qd5 Qxd5 32. Rxd5 Ra4 33. Rd7 Rxb4 34. Rxc7 Rc4 35. Kg2 g5 36. c6 b4 37. Rb7 Rxc6 38. Rxb4 Kf7 39. Rb5 Kf6 40. Kf3 Rc2 41. Rb6+ Kf7 42. Rb7+ Kf6 43. Kg3 Rc4 44.
Rb8 Kg6 45. Rf8 Rb4 46. Rf5 Re4 47. Kf3 1-0

[Event "*** Titled Tuesday Blitz"]
[Site "Chess.com"]
[Date "2021.04.06"]
[Round "7"]
[White "MPGM"]
[Black "Alex-11211"]
[Result "1-0"]
[WhiteElo "2570"]
[BlackElo "2409"]
[TimeControl "180+1"]
[EndTime "11:18:54 PDT"]
[Termination "MPGM won by resignation"]

1. d4 Nf6 2. c4 c5 3. e3 g6 4. Nc3 Bg7 5. d5 O-O 6. Nf3 d6 7. Bd3 e6 8. h3 exd5 9. cxd5 Re8 10. O-O Na6 11. Re1 Nc7 12. e4 a6 13. a4 Rb8 14. a5 Bd7 15. Bf4 Bb5 16. Bc2 Rc8 17. Bh2 Re7 18. e5 Nfe8 19. Ne4 Rxe5 20. Nxe5 dxe5 21.
d6 Ne6 22. Nc3 Qxd6 23. Nxb5 axb5 24. Be4 Qc7 25. Qd5 Nd6 26. Bxe5 Bxe5 27. Qxe5 Rd8 28.
Bd5 Re8 29. Bxe6 Rxe6 30. Qd5 Rf6 31. a6 bxa6 32. Rxa6 Kg7 33. Ra8 Nc4 34. Qd3 Qf4 35. Qe2 Qe4 36. Qxe4 Nd2 37. Qd3 Nc4 38. b3 Rxf2 39. Kxf2 Ne5 40. Rxe5 c4 41. bxc4 bxc4 42. Qxc4 1-0

[Event "*** Titled Tuesday Blitz"]
[Site "Chess.com"]
[Date "2021.04.06"]
[Round "7"]
[White "bratkoo"]
[Black "Sueetin"]
[Result "1-0"]
[WhiteElo "2558"]
[BlackElo "2398"]
[TimeControl "180+1"]
[EndTime "11:18:54 PDT"]
[Termination "bratkoo won by resignation"]

1. e4 e6 2. d4 d5 3. Nc3 Nf6 4. e5 Nfd7 5. Nce2 c5 6. c3 Nc6 7. Nf3 Be7 8. h4 O-O 9. h5 Qa5 10. h6 g6 11. Bd2 Qb6 12. Rb1 f6 13. Nf4 Ndxe5 14. dxe5 fxe5 15. Nh3 e4 16. Nfg5 c4 17. Be3 Bc5 18. Qd2 Ne5 19. b3 Nd3+ 20. Bxd3 cxd3 21. Bf4 Bd6 22. Be3 Qc7 23. c4 a5 24. Kf1 Bb4 25. Qb2 Bd6 26. Nxh7 Be5 27. Bd4 Bxd4 28. Qxd4 e5 29.
Qxd5+ Kxh7 30. Ng5+ Kh8 31. Qxe4 Bf5 32. Qe3 Rad8 33.
Rd1 Qd6 34. Rd2 Qd4 35. Qxd4 Rxd4 36. f3 e4 37. Kf2 exf3 38. gxf3 Re8 39. Re1 Rxe1 40.
Kxe1 Rh4 41. Rg2 Rh5 42. h7 Rxg5 43. Rxg5 Kxh7 44. Kd2 Kg7 45. Rxf5 gxf5 46. Kxd3 Kf6 47. Kd4 Kg5 48. Ke5 1-0